 Dungeon Crawl Stone Soup version 0.29.1-2-gbd0b4ee654 (webtiles) character file.

Game seed: 15098079581199286947

81 safid the Shooter (level 4, -1/40 HPs)
             Began as a Minotaur Hunter on Nov 28, 2022.
             Slain by a gnoll
             ... wielding a +0 halberd
              (5 damage)
             ... on level 3 of the Dungeon.
             The game lasted 00:02:34 (2270 turns).

safid the Shooter (Minotaur Hunter)                 Turns: 2270, Time: 00:02:34

Health: -1/40      AC:  4    Str: 16    XL:     4   Next: 19%
Magic:  3/3        EV:  6    Int:  6    God:
Gold:   77         SH:  0    Dex: 15    Spells: 3/3 levels left

rFire   . . .      SeeInvis .   a - +0 shortbow
rCold   . . .      Faith    .   (shield currently unavailable)
rNeg    . . .      Spirit   .   c - +0 leather armour
rPois   .          Reflect  .   (helmet restricted)
rElec   .          Harm     .   (no cloak)
rCorr   .          Rampage  .   (no gloves)
Will    .....                   i - +0 pair of boots
Stlth   +.........              (no amulet)
HPRegen 0.13/turn               (no ring)
MPRegen 0.08/turn               (no ring)

@: held
A: horns 2, retaliatory headbutt
a: no special abilities


You were on level 3 of the Dungeon.
You visited 1 branch of the dungeon, and saw 3 of its levels.

You collected 77 gold pieces.

Inventory:

Hand Weapons
 a - a +0 shortbow (weapon)
Armour
 c - a +0 leather armour (worn)
 i - a +0 pair of boots (worn)
Jewellery
 j - a ring of ice
 o - an amulet of guardian spirit
Scrolls
 b - a scroll of immolation
 e - a scroll of enchant armour {unknown}
 f - 2 scrolls of fear {unknown}
 h - 4 scrolls of identify {unknown}
 l - a scroll of teleportation {unknown}
 m - a scroll of butterflies {unknown}
 q - a scroll of blinking {unknown}
Potions
 d - a potion of heal wounds {unknown}
 g - a potion of degeneration {unknown}
 k - 2 potions of brilliance {unknown}
 n - 2 potions of curing {unknown}
 p - a potion of flight {unknown}


   Skills:
 + Level 4.2 Fighting
 + Level 5.4 Ranged Weapons
 - Level 2.1 Dodging
 - Level 0.7 Stealth


You had 3 spell levels left.
You didn't know any spells.
Your spell library contained the following spells:

 Spells                   Type           Power      Damage    Failure   Level
 Slow                     Hex            0%         N/A       52%         1


Dungeon Overview and Level Annotations

Branches:
Dungeon (3/15)

Altars:


Innate Abilities, Weirdness & Mutations

You have a pair of horns on your head.
You reflexively headbutt those who attack you in melee.


Message History

A gnoll comes into view. It is wielding a +0 halberd.
You shoot an arrow. The arrow hits the gnoll.
The gnoll is moderately wounded.
The gnoll misses you.
You shoot an arrow. The arrow closely misses the gnoll.
The gnoll closely misses you. The gnoll barely misses you.
The gnoll hits you with a +0 club.
The gnoll hits you from afar with a +0 halberd.
A gnoll comes into view. It is wielding a +0 whip.
The gnoll closely misses you. You furiously retaliate!
You headbutt the gnoll.
The gnoll hits you with a +1 vampiric whip.
You shoot an arrow. The arrow hits the gnoll.
The gnoll is almost dead.
The gnoll hits you with a +0 club.
The gnoll hits you from afar with a +0 halberd.
The gnoll closely misses you.
You are too injured to fight recklessly!
You are too injured to fight recklessly!
Unknown command.
The gnoll hits you with a +0 halberd.
* * * LOW HITPOINT WARNING * * *
The gnoll attacks as you move away! The gnoll closely misses you.
The gnoll hits you but does no damage. The gnoll attacks as you move away!
The gnoll hits you with a +0 club.
* * * LOW HITPOINT WARNING * * *
Unknown command.
Fire: a) +0 shortbow
Press: ? - help, Q - select action Shift-Dir - straight line, f/p - gnoll
Aim: a gnoll, wielding a +0 club (almost dead, 66% to hit)
You shoot an arrow. The arrow hits the gnoll!
The gnoll is heavily wounded.
The gnoll throws a throwing net.
The throwing net hits you.
You become entangled in the net!
Unknown command.
You struggle against the net.
The gnoll hits you with a +1 vampiric whip.
* * * LOW HITPOINT WARNING * * *
The gnoll draws strength from your wounds!
The gnoll hits you from afar with a +0 halberd.
You die...

###########
..........#
..........########
#..
............#....#
##..
.....##.....#....#
#...
.....##..wg.#g...#
.... .
...'.†...gg@...+ ...
...###....#....# ...
...........#....# ..
....#.....##....# . .
#.....##....# ....##
#...........# ....#
#.........######...##
#.........# #.......#
###.....###.......#


You could see a worm and 4 gnolls.

Vanquished Creatures
  A gnoll (D:1)
  An adder (D:2)
  2 dart slugs (D:1)
  An orc (D:3)
  4 bats
  2 endoplasms
  3 giant cockroaches
  4 goblins
  7 hobgoblins
  4 jackals (D:2)
  2 kobolds (D:1)
  7 quokkas
  2 ball pythons
  3 frilled lizards
  9 rats
52 creatures vanquished.

Notes
Turn   | Place    | Note
-------+----------+-------------------------------------------
     0 | D:1      | safid the Minotaur Hunter began the quest for the Orb.
     0 | D:1      | Reached XP level 1. HP: 18/18 MP: 0/0
    45 | D:1      | Reached XP level 2. HP: 13/25 MP: 1/1
   278 | D:1      | Found a faded altar of an unknown god.
   396 | D:1      | Got Plato's Opusculum on Ensorcelling
   741 | D:1      | Reached skill level 5 in Ranged Weapons
   741 | D:1      | Reached XP level 3. HP: 28/31 MP: 2/2
  2025 | D:3      | Reached XP level 4. HP: 39/40 MP: 3/3
  2270 | D:3      | Slain by a gnoll

Illustrated notes

Levels and vault maps discovered:
D:1:      evilmike_arrival_hilbert_curve, layout_loops_ring,
          shapermc_ecumenical_altar_rom_forum
D:2:      layout_loops_ring, minmay_misc_feat_alley, chequers_arboretum
D:3:      layout_basic, gammafunk_ghost_arena, serial_park_tiny_pond

Skill      XL: |  1  2  3 |
---------------+----------+-----
Fighting       | 3 4 |  4.2
Ranged Weapons | 5 |  5.4
Dodging        | |  2.1
Stealth        | |  0.7

Action                   |  1- 3 |  4- 6 || total
-------------------------+-------+-------++-------
 Fire: Shortbow          |    98 |    37 ||   135
Armor: Leather armour    |    20 |     6 ||    26
Dodge: Dodged            |    45 |    10 ||    55
